 Dungeon Crawl Stone Soup version 0.17.0-18-gaab0e96 (webtiles) character file.

123 inmateoo the Ruffian (level 5, -6/38 HPs)
             Began as a Ghoul Venom Mage on Nov 11, 2015.
             Mangled by a mummy (16 damage)
             ... in an ossuary.
             The game lasted 00:04:45 (2185 turns).

inmateoo the Ruffian (Ghoul Venom Mage)             Turns: 2185, Time: 00:04:45

Health: -6/38      AC:  6    Str: 13    XL:     5   Next: 7%
Magic:  6/6        EV: 10    Int: 15    God:
Gold:   109        SH:  0    Dex:  9    Spells: 1 memorised, 6 levels left

rFire  . . .     SeeInvis .       - Unarmed
rCold  + . .     Clarity  .     l - +0 ring mail
rNeg   + + +     SustAt   .     (no shield)
rPois  ∞         Gourm    .     r - +0 helmet
rElec  .         Spirit   .     (no cloak)
rCorr  .         Warding  .     (no gloves)
rMut   .         Stasis   .     (no boots)
MR     .....                    (no amulet)
Stlth  +.........               (no ring)
                                (no ring)

@: brilliant, rotting, not resistant to hostile enchantments, very unstealthy
A: rotting body, claws 1, carnivore 3, cold resistance 1, negative energy
resistance 3, slow regeneration 1, torment resistance, unbreathing
a: no special abilities


You were in an ossuary.
You were not hungry.

You visited 1 branch of the dungeon, and saw 4 of its levels.
You also visited: Ossuary.

You collected 165 gold pieces.
You spent 56 gold pieces at shops.

Inventory:

Armour
 l - a +0 ring mail (worn)
 r - a +0 helmet (worn)
Jewellery
 p - an uncursed ring of positive energy {unknown}
Scrolls
 a - a scroll of remove curse {unknown}
 e - 2 scrolls of identify {unknown}
 f - 2 scrolls of immolation {unknown}
 g - 2 scrolls of enchant armour {unknown}
 h - a scroll of enchant weapon {unknown}
 k - a scroll of amnesia {unknown}
 m - a scroll of fog {unknown}
 n - a scroll of teleportation {unknown}
 t - a scroll of fear {unknown}
 v - a scroll of random uselessness {unknown}
Potions
 o - a potion of cancellation
Books
 b - a Young Poisoner's Handbook

   Spells                             Type                      Level
   a - Sting                          Conjuration/Poison           1
   b - Cure Poison                    Poison                       2
   c - Mephitic Cloud                 Conjuration/Poison/Air       3
   d - Olgreb's Toxic Radiance        Poison                       4
   e - Venom Bolt                     Conjuration/Poison           5
Comestibles
 c - 3 meat rations
 q - a beef jerky
 u - a chunk of flesh


   Skills:
 - Level 1.7 Dodging
 - Level 2.1 Stealth
 * Level 5.0 Unarmed Combat
 - Level 1.7 Spellcasting
 - Level 4.0 Poison Magic


You had 6 spell levels left.
You knew the following spells:

 Your Spells              Type           Power        Failure   Level  Hunger
a - Sting                 Conj/Pois      ###.         3%          1    ##.....


Dungeon Overview and Level Annotations

Branches:
Dungeon (4/15)
 Temple: D:4-7

Altars:
Fedhas
Zin

Shops:
D:4 !

Annotations:
D:3 Sigmund


Innate Abilities, Weirdness & Mutations

Your body is rotting away.
You thrive on raw meat.
You are immune to poison.
You have sharp fingernails.
You are carnivorous and can eat meat at any time.
Your flesh is cold resistant.
You are immune to negative energy.
You regenerate slowly when monsters are visible.
You are immune to unholy pain and torment.
You can survive without breathing.


Message History

Drink which item? (? for menu, Esc to quit)
It was a potion of brilliance.
You feel clever all of a sudden.
You scratch the mummy but do no damage. The mummy hits you.
* * * LOW HITPOINT WARNING * * *
You are too injured to fight recklessly!
You scratch the mummy.
The mummy is lightly damaged.
The mummy hits you but does no damage.
You scratch the mummy.
The mummy is moderately damaged.
You scratch the mummy but do no damage.
The mummy is moderately damaged.
The mummy closely misses you.
You claw the mummy!
The mummy is heavily damaged.
You barely miss the mummy.
The mummy is heavily damaged.
The mummy hits you!
You die...

#########
+#+#+#+#.......###
...^..^..^.......##
.......(..^.......#
.........^∩.∩.....#
................M.#
.........^......@##
+#+#+#+#.......###
#########


You could see a mummy.

Vanquished Creatures
  2 mummies (Ossuary)
  A gnoll (D:1)
  3 adders (D:2)
  An ooze (D:2)
  A worm (D:2)
  A ball python (D:2)
  7 bats
  3 giant cockroaches
  9 goblins
  9 hobgoblins
  A quokka (D:2)
  4 giant newts
  7 kobolds
  9 rats
58 creatures vanquished.

Notes
Turn   | Place    | Note
--------------------------------------------------------------
     0 | D:1      | inmateoo the Ghoul Venom Mage began the quest for the Orb.
     0 | D:1      | Reached XP level 1. HP: 14/14 MP: 2/2
    50 | D:1      | Reached skill level 1 in Unarmed Combat
   139 | D:1      | Reached XP level 2. HP: 16/19 MP: 3/3
   827 | D:1      | Reached XP level 3. HP: 17/25 MP: 4/4
  1266 | D:2      | Reached XP level 4. HP: 31/33 MP: 5/5
  1517 | D:2      | Found a glowing silver altar of Zin.
  1536 | D:2      | Found a blossoming altar of Fedhas.
  2074 | D:3      | Noticed Sigmund
  2100 | D:4      | Found Qyish's Distillery.
  2108 | D:4      | Bought a potion of agility for 56 gold pieces
  2126 | D:4      | Found a sand-covered staircase.
  2131 | Ossuary  | Entered an ossuary
  2168 | Ossuary  | Reached skill level 5 in Unarmed Combat
  2168 | Ossuary  | Reached XP level 5. HP: 12/38 MP: 6/6
  2185 | Ossuary  | Mangled by a mummy

Action                   |  1- 3 |  4- 6 || total
-------------------------+-------+-------++-------
Melee: Unarmed           |   156 |    85 ||   241
 Cast: Sting             |     2 |       ||     2
  Use: Potion            |       |     6 ||     6
 Stab: Sleeping          |     5 |     1 ||     6
       Held in net/web   |       |     1 ||     1
  Eat: Chunk             |    17 |     5 ||    22
